 Dungeon Sprint DCSS version 0.21.2 (webtiles) character file.

1550 Fang the Cleaver (level 8, -4/90 HPs)
             Began as a Gargoyle Berserker on Dec 21, 2018.
             Was the Champion of Trog.
             Slain by a snapping turtle (12 damage)
             ... in the Dungeon (Sprint VII: "The Pits").
             The game lasted 00:01:44 (942 turns).

Fang the Cleaver (Gargoyle Berserker)                Turns: 942, Time: 00:01:45

Health: -4/90      AC: 17    Str: 30    XL:     8   Next: 88%
Magic:  8/8        EV: 16    Int:  9    God:    Trog [******]
Gold:   0          SH:  0    Dex:  9    Spells: 7/7 levels left

rFire    . . .     SeeInvis .   b - +4 executioner's axe (chop)
rCold    . . .     Gourm    .   (shield currently unavailable)
rNeg     + . .     Faith    .   u - +4 scale mail
rPois    ∞         Spirit   .   (no helmet)
rElec    +         Reflect  .   (no cloak)
rCorr    .         Harm     .   (no gloves)
MR       .....     NoTele   +   (no boots)
Stlth    ..........             (no amulet)
HPRegen  0.25/turn              q - +3 ring of evasion
MPRegen  0.11/turn              r - +3 ring of strength

@: berserking (expiring), very quick
A: negative energy resistance 1, electricity resistance, unbreathing,
petrification resistance, rot immunity, AC +5
a: Berserk, Trog's Hand, Brothers in Arms, Burn Spellbooks, Renounce Religion


You were in the Dungeon.
You worshipped Trog.
Trog was exalted by your worship.
You were near starving.

You visited 1 branch

Inventory:

Hand Weapons
 b - a +4 executioner's axe of chopping (weapon)
 m - a +1 hand axe of chopping
 o - a +1 battleaxe of electrocution
 t - the +1 broad axe "Elink" {holy, rN+ Int+3 Dex+3}
   (You found it in the Dungeon)

   It has been blessed by the Shining One to cause great damage to the undead
   and demons.
   It affects your intelligence (+3).
   It affects your dexterity (+3).
   It protects you from negative energy.
Armour
 u - a +4 scale mail (worn)
Jewellery
 q - a +3 ring of evasion (left hand)
 r - a +3 ring of strength (right hand)
Scrolls
 i - a scroll of blinking
 k - 3 scrolls of remove curse
 l - a scroll of summoning
Potions
 a - 2 potions of invisibility
 d - 10 potions of curing
 e - 8 potions of heal wounds
 f - a potion of haste
 g - 4 potions of magic
 h - 5 potions of berserk rage
 s - a potion of might
Comestibles
 c - 9 rations


   Skills:
 + Level 11.2 Fighting
 + Level 12.3 Axes
 + Level 7.9 Armour
 + Level 5.9 Dodging
 + Level 0.9 Stealth


You had 7 spell levels left.
You didn't know any spells.

Dungeon Overview and Level Annotations

Branches:
Dungeon (1/1)

Altars:
Ashenzari
Cheibriados
Dithmenos
Elyvilon
Fedhas
Gozag
Hepliaklqana
Kikubaaqudgha
Makhleb
Nemelex Xobeh
Okawaru
Qazlal
Ru
Sif Muna
Trog
Uskayaw
Vehumet
Wu Jian
Xom
Yredelemnul
Zin
The Shining One
Beogh
Jiyva
Lugonu


Innate Abilities, Weirdness & Mutations

You are resistant to torment.
Your stone body is resilient. (AC +5)
You are immune to poison.
You resist negative energy. (rN+)
You are resistant to electric shocks. (rElec)
You can survive without breathing.
You are immune to petrification.
You are immune to rotting.


Message History

You kill the adder!
Trog accepts your kill. The snapping turtle bites you.
The smoke demon misses you. The smoke demon completely misses you.
The smoke demon hits you but does no damage.
You slice the smoke demon!!
You kill the smoke demon!
Trog accepts your kill.
Your Fighting skill increases to level 11!
Your Axes skill increases to level 12!
You barely miss the snapping turtle. The snapping turtle bites you!
* * * LOW HITPOINT WARNING * * *
The snapping turtle bites you but does no damage.
You feel a strong urge to attack something.
The snapping turtle bites you!
* * * LOW HITPOINT WARNING * * *
You slash the snapping turtle!
The snapping turtle is heavily wounded.
The snapping turtle bites you!
You die...

...'................+
####......#..#......#
.[##..........(.....#
.)#####'#####''######
))##.......##'(#
))##.......##..##
..##.......##...##
'###...<...###.(.##+##..
..##.......# ##.@t......
..##.......###)[###+###.
####.......##..## ..
##########..§@.....
.############..##S....
)#....#..[[###.. #+##
)#.)..#..[[# ##..
.'....'..).# ..#
'#....#..))# .##


You could see a snapping turtle.

Vanquished Creatures
  A smoke demon (D)
  A kobold demonologist (D)
  Sigmund (D)
  A redback (D)
  A soldier ant (D)
  A floating eye (D)
  2 big kobolds (D)
  A bullfrog (D)
  A crimson imp (D)
  A hound (D)
  2 orc priests (D)
  Terence (D)
  Jessica (D)
  A worker ant (D)
  An adder (D)
  3 river rats (D)
  An ufetubus (D)
  An ooze (D)
  5 orcs (D)
  A bat zombie (D)
  A giant cockroach (D)
  2 goblins (D)
  A hobgoblin (D)
  A bat (D)
  A kobold (D)
  2 rats (D)
36 creatures vanquished.

Notes
Turn   | Place    | Note
-------+----------+-------------------------------------------
     0 | D        | Fang the Gargoyle Berserker began the quest for the Orb.
     0 | D        | Reached XP level 1. HP: 14/14 MP: 1/1
    11 | D        | Noticed a floating eye
    16 | D        | Killed a floating eye
    16 | D        | Reached skill level 5 in Axes
    16 | D        | Reached XP level 2. HP: 24/24 MP: 2/2
    16 | D        | Reached XP level 3. HP: 28/28 MP: 3/3
    16 | D        | Reached XP level 4. HP: 34/34 MP: 4/4
    65 | D        | Reached ** piety under Trog
    78 | D        | Reached skill level 6 in Axes
    78 | D        | Reached XP level 5. HP: 22/38 MP: 5/5
   273 | D        | Reached *** piety under Trog
   275 | D        | Received a gift from Trog
   404 | D        | Noticed Terence
   419 | D        | Killed Terence
   419 | D        | Reached **** piety under Trog
   496 | D        | Reached skill level 7 in Axes
   496 | D        | Reached XP level 6. HP: 43/45 MP: 6/6
   499 | D        | Reached ***** piety under Trog
   571 | D        | Reached skill level 8 in Axes
   579 | D        | Reached skill level 5 in Armour
   679 | D        | Noticed Sigmund
   679 | D        | Noticed a soldier ant
   687 | D        | Killed a soldier ant
   687 | D        | Reached skill level 9 in Axes
   687 | D        | Reached XP level 7. HP: 51/51 MP: 7/7
   694 | D        | Killed Sigmund
   694 | D        | Received a gift from Trog
   694 | D        | Reached skill level 10 in Axes
   694 | D        | Reached skill level 5 in Dodging
   710 | D        | Found the +8 autumn katana {slice, Clar}
   761 | D        | Got the +1 broad axe "Elink" {holy, rN+ Int+3 Dex+3}
   835 | D        | Found a bloodstained altar of Trog.
   835 | D        | Found a deep blue altar of Sif Muna.
   835 | D        | Found a viscous altar of Jiyva.
   835 | D        | Found a hazy altar of Hepliaklqana.
   835 | D        | Found an opulent altar of Gozag.
   836 | D        | Found a glowing golden altar of the Shining One.
   836 | D        | Found a glowing silver altar of Zin.
   836 | D        | Found a basalt altar of Yredelemnul.
   836 | D        | Found a shimmering altar of Xom.
   836 | D        | Found an ornate altar of the Wu Jian Council.
   836 | D        | Found a sacrificial altar of Ru.
   836 | D        | Found a stormy altar of Qazlal.
   836 | D        | Found an iron altar of Okawaru.
   836 | D        | Found a sparkling altar of Nemelex Xobeh.
   836 | D        | Found a burning altar of Makhleb.
   836 | D        | Found a blossoming altar of Fedhas.
   836 | D        | Found a white marble altar of Elyvilon.
   836 | D        | Found a shadowy altar of Dithmenos.
   836 | D        | Found a snail-covered altar of Cheibriados.
   837 | D        | Found a radiant altar of Vehumet.
   837 | D        | Found a corrupted altar of Lugonu.
   837 | D        | Found a roughly hewn altar of Beogh.
   838 | D        | Found a hide-covered altar of Uskayaw.
   838 | D        | Found an ancient bone altar of Kikubaaqudgha.
   838 | D        | Found a shattered altar of Ashenzari.
   868 | D        | Reached skill level 10 in Fighting
   869 | D        | Noticed a kobold demonologist
   869 | D        | Noticed a redback
   874 | D        | Noticed a red devil
   874 | D        | Killed a kobold demonologist
   874 | D        | Reached skill level 11 in Axes
   874 | D        | Reached XP level 8. HP: 58/58 MP: 8/8
   877 | D        | Killed a redback
   878 | D        | Reached ****** piety under Trog
   878 | D        | Received a gift from Trog
   925 | D        | Noticed a snapping turtle
   927 | D        | Noticed a smoke demon
   927 | D        | Noticed Jessica
   936 | D        | Killed Jessica
   939 | D        | Killed a smoke demon
   939 | D        | Reached skill level 12 in Axes
   942 | D        | Slain by a snapping turtle

Skill      XL: |  1  2  3  4  5  6  7  8 |
---------------+-------------------------+-----
Fighting       | 7 8 9 10 11 | 11.2
Axes           | 5 6 7 9 11 12 | 12.3
Armour         | 3 4 5 7 |  7.9
Dodging        | 2 3 4 5 |  5.9
Stealth        | |  0.9

Action                   |  1- 3 |  4- 6 |  7- 9 || total
-------------------------+-------+-------+-------++-------
Melee: Hand axe          |     4 |    85 |     4 ||    93
       Broad axe         |       |       |    19 ||    19
       Executioner's axe |       |       |     9 ||     9
Invok: Berserk           |       |     2 |     1 ||     3
  Eat: Chunk             |       |       |     1 ||     1
Armor: Animal skin       |       |    15 |       ||    15
       Chain mail        |       |    24 |     1 ||    25
       Scale mail        |       |       |    23 ||    23
Dodge: Dodged            |       |    53 |    20 ||    73
